Map: Cerulean Fall LE

Players

PtitDrogo

  • Race: Protoss Protoss
  • League: Master
  • Spawn Location: 1:00

Lambo - Winner!

  • Race: Zerg Zerg
  • League: Master
  • Spawn Location: 7:00

Event: HomeStory Cup XVIII

VOD

Have the link to the VOD?

Description

Time

  • Played on: Nov. 23, 2018, 5:19 p.m.
  • Length: 8:33

All games in this series

Show
View Real Time Build Order
Export as new Build Order

PtitDrogo Protoss 

Build Orders: 1 Gate Expand, Oracle Opening 

Get SALT Encoding   

  12  0:00  Probe  
  13  0:12  Probe  
  14  0:19  Pylon  
  14  0:25  Probe  
  15  0:29  Assimilator  
  15  0:33  Probe  
  16  0:43  Probe  
  16  0:44  Gateway  
  17  0:53  Probe  
  18  1:05  Probe  
  19  1:17  Probe  
  20  1:24  Nexus  
  20  1:34  Cybernetics Core  
  20  1:37  Probe  
  21  1:42  Assimilator  
  21  1:49  Probe  
  21  1:52  Pylon  
  22  2:00  Stalker  
  22  2:01  Probe  
  22  2:08  Warp Gate  
  23  2:13  Probe  
  26  2:23  Stargate  
  26  2:26  Probe  
  27  2:30  Adept  
  27  2:32  Probe  
  27  2:34  Probe  
  30  2:40  Probe  
  30  2:42  Probe  
  31  2:51  Probe  
  33  2:53  Probe  
  33  2:56  Oracle  
  35  3:03  Probe  
  35  3:05  Probe  
  37  3:11  Gateway  
  40  3:13  Gateway  
  40  3:15  Probe  
  40  3:17  Probe  
  42  3:22  Pylon  
  42  3:27  Probe  
  42  3:30  Probe  
  44  3:36  Adept  
  44  3:40  Oracle  
  49  3:41  Pylon  
  49  3:42  Probe  
  49  3:43  Probe  
  51  3:52  Pylon  
  51  3:54  Probe  
  52  3:55  Probe  
  53  4:06  Probe  
  54  4:11  Adept x3  
  54  4:13  Probe  
  61  4:18  Nexus  
  61  4:21  Pylon  
  61  4:22  Probe  
  62  4:28  Pylon  
  62  4:32  Probe  
  62  4:34  Assimilator  
  62  4:35  Probe  
  62  4:36  Assimilator  
  64  4:47  Probe  
  64  4:48  Sentry  
  64  4:59  Probe  
  65  5:03  Probe  
  65  5:05  Twilight Council  
  65  5:06  Forge  
  62  5:11  Robotics Facility  
  62  5:19  Protoss Ground Weapons Level 1, Probe x2, Sentry  
  62  5:20  Sentry  
  64  5:23  Charge  
  62  5:31  Probe x2  
  62  5:32  Sentry  
  62  5:35  Shield Battery, Probe  
  67  5:43  Gateway x2  
  67  5:47  Gateway x2  
  67  5:56  Adept x2  
  71  6:02  Immortal  
  69  6:05  Adept  
  65  6:21  Shield Battery x2, Adept x2  
  65  6:22  Shield Battery  
  65  6:23  Shield Battery  
  65  6:24  Shield Battery  
  66  6:26  Zealot  
  58  6:40  Zealot x2  
  58  6:41  Zealot x4  
  67  6:49  Pylon  
  48  7:02  Zealot  
  28  7:23  Zealot  
  28  7:26  Zealot x2  
  28  7:27  Zealot x2  
  28  7:29  Probe  
  36  7:30  Probe x2  
  36  7:41  Pylon  
  36  7:44  Zealot  
  35  7:47  Zealot x2  
  32  8:01  Zealot  
  32  8:02  Zealot  
  36  8:09  Zealot  
  34  8:13  Zealot  
Show
View Real Time Build Order
Export as new Build Order

Lambo Zerg - Winner!

Build Orders: Hatch First 

Get SALT Encoding   

  12  0:00  Drone  
  13  0:12  Overlord  
  13  0:17  Drone  
  14  0:31  Drone x2  
  16  0:48  Hatchery  
  15  0:50  Drone  
  15  0:55  Drone  
  17  1:00  Drone  
  18  1:08  Extractor  
  17  1:14  Spawning Pool  
  17  1:16  Drone  
  17  1:20  Drone  
  18  1:28  Drone  
  19  1:40  Drone  
  20  1:49  Drone  
  21  2:00  Queen x2, Drone  
  26  2:03  Overlord  
  26  2:11  Drone  
  26  2:12  Drone  
  28  2:24  Drone, Zergling x2  
  30  2:34  Hatchery  
  30  2:35  Drone  
  30  2:38  Drone  
  31  2:45  Drone, Overlord  
  32  2:54  Queen, Drone  
  35  3:00  Drone  
  35  3:04  Drone  
  37  3:07  Drone  
  37  3:10  Drone x2  
  40  3:14  Drone x2  
  40  3:15  Overlord  
  40  3:16  Drone  
  40  3:19  Drone  
  44  3:21  Overlord  
  44  3:27  Lair  
  44  3:32  Queen, Roach Warren  
  45  3:36  Extractor, Drone  
  45  3:38  Extractor, Drone  
  45  3:43  Drone x3  
  45  3:46  Drone  
  45  3:47  Drone x2, Spore Crawler  
  51  3:50  Drone  
  51  3:54  Drone, Metabolic Boost  
  53  3:57  Zergling x2  
  54  4:03  Drone x2  
  54  4:05  Drone x2  
  54  4:07  Roach Warren  
  57  4:10  Overlord  
  57  4:14  Drone  
  58  4:18  Overlord  
  58  4:21  Overlord  
  58  4:28  Overlord  
  58  4:29  Zergling x8  
  61  4:33  Spore Crawler  
  61  4:34  Zergling x6  
  63  4:44  Zergling x6, Spore Crawler  
  58  4:48  Overlord  
  58  4:50  Overlord  
  58  4:52  Roach x2  
  59  4:59  Roach x2  
  59  5:03  Roach  
  56  5:09  Roach  
  56  5:12  Roach  
  58  5:19  Roach  
  58  5:24  Roach x2  
  62  5:33  Zergling x8  
  62  5:35  Ravager x3  
  69  5:37  Zergling x2  
  69  5:40  Zergling x2  
  71  5:44  Zergling x4  
  71  5:46  Ravager x2  
  71  5:48  Zergling x2  
  76  5:50  Ravager  
  76  5:51  Zergling x2  
  76  5:55  Zergling x4  
  80  5:58  Zergling x2  
  80  6:02  Zergling x4  
  79  6:05  Zergling x2  
  79  6:10  Zergling x6  
  82  6:13  Zergling x2  
  82  6:16  Zergling x4  
  81  6:23  Zergling x2  
  81  6:24  Ravager  
  81  6:25  Ravager  
  84  6:30  Zergling x4  
  86  6:33  Zergling x2  
  86  6:40  Zergling x4  
  86  6:43  Zergling x2  
  79  6:49  Zergling x4  
  73  6:58  Zergling x2  
  62  7:03  Zergling x4  
  60  7:10  Roach x3  
  62  7:18  Roach  
  58  7:23  Roach  
  58  7:24  Roach  
  58  7:28  Roach  
  61  7:31  Roach x2  
  64  7:38  Roach  
  64  7:43  Roach  
  64  7:44  Roach  
  64  7:53  Roach x3  
  64  7:54  Queen  
  70  7:59  Roach  
  70  8:04  Roach x2  
  76  8:11  Roach  
  76  8:27  Hydralisk Den  
Tags
 
Add a new tag
Caveats
  • Supply blocks, unpowered buildings, or Contaminate may cause inaccurate times.
  • Supply counts are checked every 10 seconds.